 Dungeon Crawl Stone Soup version 0.27.0-1-g7a089689b8 (webtiles) character file.

Game seed: 8193944245001067083

1221 Crownlay the Cleaver (level 8, 0/64 HPs)
             Began as a Hill Orc Fighter on Aug 16, 2021.
             Was an Initiate of Gozag.
             Slain by a red ugly thing (23 damage)
             ... on level 6 of the Dungeon.
             The game lasted 00:09:15 (5823 turns).

Crownlay the Cleaver (Hill Orc Fighter)             Turns: 5823, Time: 00:09:16

Health: 0/64       AC:  6    Str: 21    XL:     8   Next: 47%
Magic:  8/8        EV:  9    Int:  8    God:    Gozag
Gold:   899        SH:  4    Dex: 10    Spells: 7/7 levels left

rFire    . . .     SeeInvis .   n - +4 war axe
rCold    . . .     Faith    .   e - +0 buckler
rNeg     . . .     Spirit   .   b - +0 scale mail
rPois    .         Reflect  .   (no helmet)
rElec    .         Harm     .   (no cloak)
rCorr    .         Rampage  .   (no gloves)
Will     .....                  (no boots)
Stlth    ..........             (no amulet)
HPRegen  0.20/turn              (no ring)
MPRegen  0.11/turn              (no ring)

@: marked, gold aura
A: no striking features
a: Renounce Religion, Potion Petition, Call Merchant, Bribe Branch


You were on level 6 of the Dungeon.
You worshipped Gozag.
Gozag was pleased with you.
You visited 1 branch of the dungeon, and saw 6 of its levels.
You also visited: Sewer.

You collected 911 gold pieces.
You paid 12 gold pieces to Gozag.

Inventory:

Hand Weapons
 n - a +4 war axe (weapon)
Missiles
 s - 22 poisoned darts (quivered)
Armour
 b - a +0 scale mail (worn)
 c - a +0 kite shield
 e - a +0 buckler (worn)
Wands
 w - a wand of polymorph (9)
 x - a wand of digging (9)
Scrolls
 a - 2 scrolls of amnesia {unknown}
 f - 2 scrolls of fog {unknown}
 g - 9 scrolls of teleportation
 i - a scroll of fear
 l - a scroll of enchant armour
 m - a scroll of noise
 o - 3 scrolls of summoning
 q - 2 scrolls of immolation
 t - a scroll of torment
 y - a scroll of holy word
Potions
 d - 4 potions of might
 j - a potion of magic
 k - 2 potions of lignification {unknown}
 r - a potion of heal wounds
 u - a potion of mutation {unknown}
 v - 2 potions of invisibility {unknown}
 z - a potion of haste {unknown}
Miscellaneous
 p - a lightning rod (4/4)


   Skills:
 - Level 3.6 Fighting
 * Level 12.5 Axes
 - Level 3.2 Armour
 - Level 4.0 Shields


You had 7 spell levels left.
You didn't know any spells.
Your spell library contained the following spells:

 Spells                   Type           Power      Damage    Failure   Level
 Beastly Appendage        Tmut           0%         N/A       75%         1
 Slow                     Hex            0%         N/A       87%         2
 Wereblood                Tmut           0%         N/A       87%         2
 Confusing Touch          Hex            0%         N/A       98%         3
 Spider Form              Tmut/Pois      0%         N/A       98%         3
 Vampiric Draining        Necr           0%         2d6       98%         3
 Dispel Undead            Necr           0%         3d6       100%        4
 Invisibility             Hex            0%         N/A       100%        6
 Necromutation            Tmut/Necr      0%         N/A       100%        8


Dungeon Overview and Level Annotations

Branches:
Dungeon (6/15)             Temple (0/1) D:4           Sewer (visited)

Altars:
Gozag
Vehumet
Zin

Shops:
D:2 *:[


Message History

A red ugly thing comes into view.
You hit the centaur skeleton.
The centaur skeleton is lightly damaged.
The centaur skeleton hits you but does no damage.
The centaur skeleton kicks you but does no damage.
You slash the centaur skeleton!
The centaur skeleton is moderately damaged.
The centaur skeleton hits you. The centaur skeleton kicks you.
You slash the centaur skeleton!
The centaur skeleton is almost destroyed.
The centaur skeleton hits you.
The centaur skeleton kicks you but does no damage.
You slash the centaur skeleton!
You destroy the centaur skeleton!
The red ugly thing barely misses you.
You closely miss the red ugly thing.
Your scale mail prevents you from hitting the red ugly thing.
The red ugly thing headbutts you!
You are engulfed in flames!
You are too injured to fight recklessly!
You are too injured to fight recklessly!
You are too injured to fight recklessly!
You are too injured to fight recklessly!
You are too injured to fight recklessly!
You slice the red ugly thing!!
The red ugly thing is moderately wounded.
The red ugly thing headbutts you!
You are engulfed in flames!
* * * LOW HITPOINT WARNING * * *
You slash the red ugly thing!
The red ugly thing is heavily wounded.
The red ugly thing misses you.
You feel much better.
The red ugly thing headbutts you but does no damage.
You hit the red ugly thing.
The red ugly thing is heavily wounded.
The red ugly thing closely misses you.
You barely miss the red ugly thing.
The red ugly thing is heavily wounded.
The red ugly thing headbutts you!
You are engulfed in flames!!
You die...
Your body crumbles into a pile of gold.

......... ..#.##...
.#.#.# .........
#....## ....##...
##.....## ..#.# ##
##...!...## . #.#.#
#.........##.. ....#
#............. #.#.#
#............. ..#.#
#....@u.#
###.#########......#
#..............#.#
################.# #


You could see a red ugly thing.

Vanquished Creatures
  A hornet zombie (D:5)
  A necrophage (D:3)
  2 ogres
  A phantom (D:5)
  A bullfrog (Sewer)
  A wyvern zombie (D:6)
  A scorpion (D:5)
  2 water moccasin skeletons (D:5)
  A howler monkey (D:6)
  A hound (D:5)
  A gnoll shaman (D:4)
  A jelly (D:4)
  Terence (D:3)
  A centaur skeleton (D:6)
  2 bullfrog skeletons
  An iguana (D:6)
  An orc wizard (D:3)
  A hound zombie (D:5)
  3 gnolls (D:4)
  7 adders
  3 dart slugs
  10 orcs
  4 ball pythons
  An endoplasm (D:2)
  12 giant cockroaches
  11 hobgoblins
  8 jackals
  2 kobolds
  11 quokkas
  3 bats
  7 frilled lizards
  5 goblins
  7 rats
115 creatures vanquished.

Notes
Turn   | Place    | Note
-------+----------+-------------------------------------------
     0 | D:1      | Crownlay the Hill Orc Fighter began the quest for the Orb.
     0 | D:1      | Reached XP level 1. HP: 19/19 MP: 1/1
   214 | D:1      | Reached XP level 2. HP: 23/26 MP: 2/2
   575 | D:1      | Reached skill level 3 in Axes
   749 | D:2      | Reached XP level 3. HP: 13/31 MP: 3/3
   947 | D:2      | Found Koim's Book Shoppe.
  1000 | D:2      | Reached skill level 4 in Axes
  1185 | D:2      | Found Xayha's Assorted Antiques.
  1228 | D:2      | Found an opulent altar of Gozag.
  1233 | D:2      | Became a worshipper of Gozag Ym Sagoz the Greedy
  1316 | D:2      | Found Qoguci's Armour Boutique.
  1638 | D:3      | Reached XP level 4. HP: 39/39 MP: 4/4
  1692 | D:3      | Noticed a necrophage
  1701 | D:3      | Killed a necrophage
  1702 | D:3      | Reached skill level 6 in Axes
  1702 | D:3      | Reached XP level 5. HP: 39/45 MP: 5/5
  1910 | D:3      | Reached skill level 7 in Axes
  1930 | D:3      | Found a glowing drain.
  1955 | Sewer    | Entered a sewer
  2496 | Sewer    | Reached XP level 6. HP: 51/51 MP: 6/6
  2561 | Sewer    | Reached skill level 8 in Axes
  2620 | Sewer    | Got the Compendium of Evil Enchantment
  2963 | D:3      | Noticed Terence
  2972 | D:3      | Killed Terence
  3018 | D:3      | Found a glowing silver altar of Zin.
  3377 | D:4      | Reached skill level 9 in Axes
  3378 | D:4      | Reached XP level 7. HP: 23/57 MP: 7/7
  3994 | D:4      | Found a staircase to the Ecumenical Temple.
  4250 | D:5      | Entered Level 5 of the Dungeon
  4257 | D:5      | Reached skill level 10 in Axes
  4305 | D:5      | Found a radiant altar of Vehumet.
  4578 | D:5      | Reached skill level 11 in Axes
  4591 | D:5      | Reached XP level 8. HP: 31/64 MP: 8/8
  5247 | D:5      | Reached skill level 12 in Axes
  5812 | D:6      | Noticed a red ugly thing
  5823 | D:6      | Slain by a red ugly thing

Illustrated notes

Levels and vault maps discovered:
D:1:      amcnicky_arrival_choice, layout_basic, serial_curves, eino_curves_03,
          eino_curves_02
D:2:      layout_rooms, serial_shops, nicolae_diamond_shop,
          nicolae_shop_behind_doors, nicolae_square_shop, basic_altar
D:3:      minmay_angry_zag, layout_basic, zin_statuary, gup_sewer_entry_pipe,
          minmay_goblin_kobold_house, uniq_terence
D:4:      layout_loops_ring, minmay_temple_entry_glassed_door
D:5:      layout_loops_ring, mainiacjoe_overflow_six_doors_small, minivault_5,
          corexii_corridor_pit, grunt_decor_clamped,
          amcnicky_mini_rare_corridor_liquid, feat_on_display
D:6:      layout_loops_ring, serial_shops, nicolae_lakefront_shop, uniq_menkaure

Skill      XL: |  1  2  3  4  5  6  7  8 |
---------------+-------------------------+-----
Shields        | 4 |  4.0
Axes           | 3 4 6 7 9 11 12 | 12.5
Fighting       | |  3.6
Armour         | |  3.2

Action                   |  1- 3 |  4- 6 |  7- 9 || total
-------------------------+-------+-------+-------++-------
Melee: War axe           |    84 |   126 |   124 ||   334
  Use: Scroll            |       |     4 |     4 ||     8
       Potion            |       |       |     3 ||     3
Armor: Scale mail        |    34 |    40 |    22 ||    96
Dodge: Dodged            |    37 |    47 |    37 ||   121
Block: Buckler           |    17 |    22 |    22 ||    61
